[Event "42nd Olympiad Baku 2016 Open"]
[Site "Baku"]
[Date "2016.09.02"]
[Round "1.15"]
[White "Ramos, Efren Andres"]
[Black "Banikas, Hristos"]
[Result "0-1"]
[ECO "E90"]
[WhiteElo "2199"]
[BlackElo "2571"]
[PlyCount "62"]
[EventDate "2016.??.??"]
[EventCountry "AZE"]
[WhiteTeam "Panama"]
[BlackTeam "Griechenland"]
[WhiteTeamCountry "PAN"]
[BlackTeamCountry "GRE"]
[TimeControl "40/5400+30:1800+30"]
[WhiteClock "0:01:09"]
[BlackClock "0:51:20"]

1. d4 {(00:00} Nf6 {(00:00} 2. c4 {(00:02} g6 {(
00:00} 3. Nc3 {(00:10} Bg7 {(00:00} 4. e4 {(00:09} d6
{(00:00} 5. Nf3 {(00:11} O-O {(00:04} 6. h3 {(
01:17} e5 {(00:29} 7. d5 {(00:14} Nh5 {(00:09} 8. g3 {
(01:48} Qe7 {(02:04} 9. Be2 {(03:56} Na6 {(13:
01} 10. Bg5 {(07:22} f6 {(01:38} 11. Be3 {(05:17} f5 {
(00:11} 12. exf5 {(00:37} gxf5 {(01:25} 13. Nh4 {
(08:02} f4 {(02:33} 14. Bxh5 {(03:05} fxe3 {(04:
28} 15. fxe3 {(02:29} Nc5 {(06:08} 16. Qe2 {(27:34} e4
{(03:21} 17. Kd2 {(07:39} Bd7 {(01:14} 18. Raf1 {
(02:08} Nd3 {(00:19} 19. Bg4 {(08:47} Nxb2 {(01:
34} 20. Bxd7 {(01:27} Qxd7 {(00:39} 21. Rxf8+ {(04:23}
Rxf8 {(00:58} 22. Rf1 {(01:13} Bxc3+ {(03:04} 23. Kxc3
{(00:42} Qg7+ {(00:02} 24. Kd2 {(12:47} Rxf1 {(
00:10} 25. Qxf1 {(00:08} Nd3 {(00:05} 26. Qd1 {(00:28}
Qb2+ {(08:37} 27. Qc2 {(00:08} Qb4+ {(00:12} 28. Qc3 {
(00:17} Qb1 {(00:04} 29. Ng2 {(01:34} Qf1 {(01:
28} 30. Nf4 {(00:19} Qe1+ {(00:09} 31. Kc2 {(00:08}
Qc1+ {(00:04} 0-1

[Event "42nd Olympiad Baku 2016 Open"]
[Site "Baku"]
[Date "2016.09.02"]
[Round "1.17"]
[White "Rehan, Deng Cypriano"]
[Black "Ziska, Helgi Dam"]
[Result "0-1"]
[ECO "A26"]
[WhiteElo "1899"]
[BlackElo "2546"]
[PlyCount "130"]
[EventDate "2016.??.??"]
[EventCountry "AZE"]
[WhiteTeam "SSD"]
[BlackTeam "Faröer"]
[BlackTeamCountry "FAI"]
[TimeControl "40/5400+30:1800+30"]
[WhiteClock "0:00:57"]
[BlackClock "0:15:28"]

1. c4 {(00:42} g6 {(00:00} 2. g3 {(00:28} Bg7 {(
00:02} 3. Bg2 {(00:17} d6 {(00:38} 4. Nc3 {(00:59} e5
{(00:39} 5. d3 {(02:36} Nc6 {(01:10} 6. Nf3 {(
00:46} f5 {(02:57} 7. Bd2 {(01:07} Nf6 {(00:44} 8. Rb1
{(01:30} h6 {(06:51} 9. Qc1 {(05:15} Be6 {(09:
22} 10. b4 {(04:34} e4 {(16:37} 11. Nh4 {(08:24} g5 {
(00:19} 12. Nxf5 {(15:01} Bxf5 {(00:15} 13. dxe4 {
(00:14} Bg6 {(02:42} 14. h4 {(04:22} g4 {(02:32]
} 15. O-O {(14:43} Qe7 {(07:18} 16. b5 {(12:48} Ne5 {
(10:13} 17. Nd5 {(02:53} Nxd5 {(07:07} 18. cxd5 {
(00:13} Nf7 {(06:06} 19. Rb4 {(00:36} O-O {(02:
36} 20. e5 {(00:53} dxe5 {(04:47} 21. Rxg4 {(01:52}
Bh5 {(00:07} 22. Rc4 {(01:42} Bxe2 {(00:51} 23. Rxc7 {
(01:07} Qf6 {(02:47} 24. Re1 {(02:17} Bf3 {(01:
58} 25. Bb4 {(02:11} Rfe8 {(05:02} 26. Bxf3 {(01:25}
Qxf3 {(00:06} 27. d6 {(00:20} Qg4 {(03:05} 28. Qb1 {
(01:51} Rad8 {(00:37} 29. Qb3 {(00:59} Qe6 {(03:
20} 30. d7 {(00:49} Re7 {(00:20} 31. Bxe7 {(00:41}
Qxe7 {(00:04} 32. Qd5 {(00:46} Kf8 {(01:34} 33. Qxb7 {
(01:23} Qb4 {(00:17} 34. Re3 {(00:47} Nd6 {(00:
29} 35. Qd5 {(00:55} Ke7 {(00:43} 36. Rxa7 {(02:05}
Qxb5 {(00:20} 37. Qf3 {(01:22} e4 {(01:13} 38. Qg4 {
(02:09} Bd4 {(01:37} 39. Rxe4+ {(00:45} Nxe4 {(
00:01} 40. Qxe4+ {(00:00} Qe5 {(00:00} 41. Qh7+ {(04:
33} Qg7 {(00:20} 42. Qxg7+ {(00:54} Bxg7 {(00:06} 43.
Kg2 {(00:46} Bd4 {(00:33} 44. Ra6 {(08:07} Bf6 {
(00:12} 45. Kh3 {(01:08} Rxd7 {(00:29} 46. Kg4 {
(00:51} Rd5 {(03:12} 47. Ra7+ {(01:38} Kf8 {(00:
10} 48. f4 {(03:50} h5+ {(02:59} 49. Kf3 {(00:34} Rd3+
{(05:03} 50. Kg2 {(00:48} Bc3 {(00:59} 51. Ra3 {
(08:57} Kf7 {(00:55} 52. Rb3 {(00:41} Rd2+ {(00:
14} 53. Kf3 {(00:22} Bf6 {(01:21} 54. Rb5 {(02:32} Kg6
{(00:36} 55. f5+ {(01:41} Kf7 {(00:27} 56. a4 {(
01:31} Rd3+ {(01:26} 57. Kg2 {(00:37} Be7 {(07:49} 58.
f6 {(03:11} Bd6 {(00:07} 59. Rg5 {(01:17} Rd2+ {
(01:16} 60. Kh3 {(00:59} Rd3 {(00:11} 61. a5 {(
00:20} Bf4 {(00:29} 62. Rg7+ {(00:43} Kxf6 {(00:13}
63. Rg8 {(00:41} Kf7 {(00:06} 64. Rg5 {(00:54} Bxg5 {
(00:09} 65. hxg5 {(00:11} Kg6 {(00:14} 0-1

[Event "42nd Olympiad Baku 2016 Open"]
[Site "Baku"]
[Date "2016.09.02"]
[Round "1.22"]
[White "Repka, Christopher"]
[Black "Masrhi, Abdulrahman A"]
[Result "1-0"]
[ECO "D15"]
[WhiteElo "2486"]
[BlackElo "1900"]
[PlyCount "53"]
[EventDate "2016.??.??"]
[EventCountry "AZE"]
[WhiteTeam "Slowakei"]
[BlackTeam "KSA"]
[WhiteTeamCountry "SVK"]
[TimeControl "40/5400+30:1800+30"]
[WhiteClock "1:09:10"]
[BlackClock "0:34:22"]

1. d4 {(00:00} d5 {(00:00} 2. Nf3 {(00:00} Nf6 {
(00:11} 3. c4 {(00:00} c6 {(00:29} 4. Nc3 {(00:
00} a6 {(00:37} 5. c5 {(00:00} g6 {(01:30} 6. Bf4 {
(01:10} Nh5 {(00:26} 7. Qd2 {(01:38} Nxf4 {(01:
59} 8. Qxf4 {(00:07} Bg7 {(00:12} 9. h4 {(01:54} h5 {
(06:35} 10. e4 {(02:14} dxe4 {(06:23} 11. Bc4 {(
03:09} Bf5 {(04:26} 12. Nxe4 {(00:08} O-O {(09:41} 13.
O-O {(02:21} Nd7 {(03:23} 14. Ng3 {(01:53} Bg4 {
(06:52} 15. Ne5 {(13:01} Bxe5 {(07:05} 16. dxe5 {
(00:06} Nxc5 {(00:24} 17. Qh6 {(00:15} Qd4 {(04:
03} 18. Qxg6+ {(00:29} Kh8 {(00:09} 19. Qh6+ {(02:51}
Kg8 {(00:32} 20. Nxh5 {(00:42} Bxh5 {(08:18} 21. Qg5+ {
(00:05} Kh7 {(00:34} 22. Qxh5+ {(00:12} Kg7 {(
00:23} 23. Qg5+ {(01:16} Kh7 {(01:27} 24. Bb3 {(00:21}
Nxb3 {(01:16} 25. axb3 {(00:03} f6 {(01:07} 26. Qh5+ {
(00:17} Kg7 {(00:36} 27. Ra4 {(00:08} 1-0

[Event "42nd Olympiad Baku 2016 Open"]
[Site "Baku"]
[Date "2016.09.02"]
[Round "1.19"]
[White "Roiz, Michael"]
[Black "Poon, Yu Tien"]
[Result "1-0"]
[ECO "A46"]
[WhiteElo "2605"]
[BlackElo "2196"]
[PlyCount "91"]
[EventDate "2016.??.??"]
[EventCountry "AZE"]
[WhiteTeam "Israel"]
[BlackTeam "Barbados"]
[WhiteTeamCountry "ISR"]
[BlackTeamCountry "BAR"]
[TimeControl "40/5400+30:1800+30"]
[WhiteClock "0:22:06"]
[BlackClock "0:22:04"]

1. d4 {(00:00} Nf6 {(00:00} 2. Nf3 {(00:00} e6 {
(00:09} 3. g3 {(00:19} d5 {(00:41} 4. Bg2 {(02:
14} Nbd7 {(17:56} 5. c4 {(01:31} Bb4+ {(00:36} 6. Nbd2
{(06:29} O-O {(05:22} 7. O-O {(00:32} Be7 {(06:
16} 8. Qc2 {(02:18} c5 {(12:17} 9. dxc5 {(15:27} Nxc5
{(02:16} 10. Nb3 {(08:22} b6 {(08:30} 11. cxd5 {
(07:25} Nxd5 {(07:36} 12. Nxc5 {(00:21} bxc5 {(
01:21} 13. Rd1 {(03:42} Bb7 {(03:47} 14. a3 {(07:31}
Qc8 {(05:23} 15. Ne5 {(02:34} Rd8 {(06:20} 16. Bd2 {
(06:05} Nf6 {(02:39} 17. Nc4 {(03:55} Bxg2 {(02:
32} 18. Kxg2 {(00:04} Qb7+ {(00:35} 19. f3 {(00:05}
Nd5 {(02:12} 20. e4 {(09:07} Nb6 21. Na5 {(00:06} Qa6 {
(07:06} 22. Be1 {(04:07} Nd7 {(00:41} 23. Qd3 {(
03:47} Qxd3 24. Rxd3 {(00:05} Ne5 {(01:25} 25. Rdd1 {(
06:08} Rxd1 {(02:52} 26. Rxd1 {(00:06} Rd8 {(00:08}
27. Rxd8+ {(01:20} Bxd8 {(00:04} 28. Nb7 {(02:13} Be7 {
(02:35} 29. Bc3 {(01:13} Nc4 {(00:10} 30. Kf2 {(
04:12} Bf6 {(00:15} 31. e5 {(01:57} Nxe5 {(01:52} 32.
Nxc5 {(00:04} Nc4 {(00:06} 33. Bxf6 {(00:11} gxf6 {
(00:04} 34. Nd3 {(00:05} Kf8 {(00:13} 35. a4 {(
00:26} Ke7 {(00:46} 36. b3 {(00:46} Nb6 {(01:45} 37.
Ke3 {(00:46} Kd6 {(00:16} 38. g4 {(02:00} Nd7 {(
01:27} 39. Kd4 {(00:51} f5 {(00:43} 40. gxf5 {(00:00}
e5+ {(00:00} 41. Kc4 {(06:20} a6 {(04:21} 42. a5 {
(01:24} f6 {(03:07} 43. Nf2 {(02:55} e4 {(02:36]
} 44. Nxe4+ {(00:54} Ke5 {(00:07} 45. Nc5 {(00:25} Nb8
{(01:19} 46. b4 {(00:32} 1-0

[Event "42nd Olympiad Baku 2016 Open"]
[Site "Baku"]
[Date "2016.09.02"]
[Round "1.7"]
[White "Rusev, Krasimir"]
[Black "Elobeid, Asim Ali"]
[Result "1-0"]
[ECO "B07"]
[WhiteElo "2548"]
[BlackElo "2109"]
[PlyCount "69"]
[EventDate "2016.??.??"]
[EventCountry "AZE"]
[WhiteTeam "Bulgarien"]
[BlackTeam "Sudan"]
[WhiteTeamCountry "BUL"]
[BlackTeamCountry "SUD"]
[TimeControl "40/5400+30:1800+30"]
[WhiteClock "0:02:40"]
[BlackClock "0:05:56"]

1. d4 {(00:00} d6 {(00:00} 2. e4 {(00:15} Nf6 {(
00:00} 3. Nc3 {(00:18} c6 {(00:00} 4. f4 {(00:24} Qa5
{(00:44} 5. e5 {(12:42} Ne4 {(01:40} 6. Qf3 {(
03:39} d5 {(06:55} 7. Bd3 {(00:54} g6 {(05:42} 8. Nge2
{(06:42} Na6 {(00:43} 9. O-O {(01:19} Nxc3 {(13:
00} 10. bxc3 {(00:26} e6 {(01:47} 11. c4 {(11:15} Bd7
{(06:47} 12. Rb1 {(16:45} b5 {(10:09} 13. c5 {(
04:16} Be7 {(02:27} 14. Be3 {(02:07} Qd8 {(08:45} 15.
g4 {(01:39} f5 {(07:25} 16. exf6 {(03:41} Bxf6 {
(00:14} 17. h4 {(23:00} O-O {(03:29} 18. g5 {(
01:32} Be7 {(03:15} 19. h5 {(02:58} e5 {(01:55} 20.
dxe5 {(00:31} Nxc5 {(01:33} 21. hxg6 {(01:38} Nxd3 {
(00:52} 22. gxh7+ {(00:02} Kh8 {(02:30} 23. cxd3 {
(00:02} Bxg5 {(02:49} 24. Qh5 {(00:03} Be7 {(01:
39} 25. f5 {(00:24} Be8 {(03:22} 26. Qh2 {(02:06} d4 {
(00:50} 27. Bxd4 {(01:41} c5 {(00:01} 28. Ba1 {(
00:18} Qxd3 {(00:52} 29. Rb3 {(00:24} Qe4 {(02:06} 30.
Rg3 {(00:41} Bc6 {(02:38} 31. e6+ {(02:06} Rf6 {
(00:38} 32. Qh6 {(00:37} Qh1+ {(06:01} 33. Qxh1 {
(00:04} Bxh1 {(00:03} 34. Kxh1 {(00:15} Kxh7 {(
00:13} 35. Bxf6 {(00:06} 1-0

[Event "42nd Olympiad Baku 2016 Open"]
[Site "Baku"]
[Date "2016.09.02"]
[Round "1.19"]
[White "Salem, Mahjob"]
[Black "Borisek, Jure"]
[Result "0-1"]
[ECO "A88"]
[WhiteElo "2092"]
[BlackElo "2558"]
[PlyCount "67"]
[EventDate "2016.??.??"]
[EventCountry "AZE"]
[WhiteTeam "Libyen"]
[BlackTeam "Slowenien"]
[WhiteTeamCountry "LBY"]
[BlackTeamCountry "SLO"]
[TimeControl "40/5400+30:1800+30"]
[WhiteClock "0:00:40"]
[BlackClock "0:23:01"]

1. d4 {(00:00} f5 {(00:00} 2. c4 {(01:22} Nf6 {(
00:03} 3. Nc3 {(00:18} d6 {(00:14} 4. Nf3 {(00:39} g6
{(00:26} 5. g3 {(01:37} Bg7 {(00:32} 6. Bg2 {(
00:13} O-O {(00:13} 7. O-O {(00:29} c6 {(00:11} 8. Qc2
{(04:33} Na6 {(01:21} 9. b3 {(04:11} Qc7 {(15:
31} 10. Ba3 {(02:15} Re8 {(08:26} 11. Rad1 {(03:37}
Qa5 {(03:26} 12. Qc1 {(13:27} Ne4 {(09:38} 13. Nxe4 {
(10:44} fxe4 {(00:08} 14. Ng5 {(03:12} d5 {(07:
45} 15. e3 {(06:04} h6 {(03:50} 16. Nh3 {(02:37} g5 {
(00:18} 17. Rd2 {(11:52} Nb4 {(06:40} 18. Bxb4 {
(03:04} Qxb4 {(00:05} 19. Kh1 {(02:44} a5 {(06:
26} 20. cxd5 {(05:19} cxd5 {(00:06} 21. Rc2 {(03:51}
Bd7 {(02:02} 22. Qb2 {(06:58} e5 {(03:17} 23. a3 {
(01:24} Qd6 {(02:04} 24. Rfc1 {(02:27} exd4 {(
00:45} 25. exd4 {(02:25} Qf6 {(02:44} 26. Ng1 {(02:18}
Bb5 {(04:03} 27. f3 {(02:28} Qxd4 {(01:08} 28. Qxd4 {
(00:24} Bxd4 {(00:05} 29. fxe4 {(01:50} dxe4 {(
00:14} 30. Ne2 {(00:54} Be3 {(00:10} 31. Re1 {(00:26}
Bd3 {(00:25} 32. Rb2 {(00:38} Rac8 {(00:32} 33. Bh3 {
(01:30} Rc7 {(00:41} 34. Nc3 0-1

[Event "42nd Olympiad Baku 2016 Open"]
[Site "Baku"]
[Date "2016.09.02"]
[Round "1.23"]
[White "Salih, Akar Ali Salih"]
[Black "Bartel, Mateusz"]
[Result "0-1"]
[ECO "C18"]
[WhiteElo "2302"]
[BlackElo "2646"]
[PlyCount "88"]
[EventDate "2016.??.??"]
[EventCountry "AZE"]
[WhiteTeam "Irak"]
[BlackTeam "Polen"]
[WhiteTeamCountry "IRQ"]
[BlackTeamCountry "POL"]
[TimeControl "40/5400+30:1800+30"]
[WhiteClock "0:25:02"]
[BlackClock "0:48:10"]

1. e4 {(00:00} e6 {(00:00} 2. d4 {(00:02} d5 {(
00:00} 3. Nc3 {(00:22} Bb4 {(00:08} 4. e5 {(00:25} c5
{(01:20} 5. a3 {(00:43} Bxc3+ {(00:10} 6. bxc3 {
(00:12} Qa5 {(00:05} 7. Bd2 {(00:56} Qa4 {(00:
05} 8. Qb1 {(01:19} c4 {(00:38} 9. h4 {(00:41} Nc6 {
(01:46} 10. h5 {(01:41} h6 {(00:09} 11. g3 {(02:
23} Bd7 {(01:29} 12. Nf3 {(05:34} O-O-O {(00:08} 13.
Nh4 {(01:05} Nge7 {(02:57} 14. f4 {(03:41} f6 {(
13:22} 15. Bh3 {(13:49} fxe5 {(03:53} 16. fxe5 {(00:13]
} Rdf8 {(00:06} 17. Rf1 {(09:56} Nd8 {(02:18} 18. g4 {
(21:17} Be8 {(01:13} 19. Qd1 {(12:24} Kb8 {(05:
41} 20. Ra2 {(01:00} Nc8 {(01:07} 21. Rxf8 {(04:26}
Rxf8 {(00:17} 22. g5 {(00:11} hxg5 {(04:05} 23. Bxg5 {
(00:14} Qa5 {(00:04} 24. Bd2 {(01:12} Rf4 {(20:
56} 25. Bxf4 {(16:34} Qxc3+ {(00:08} 26. Kf2 {(00:08}
Qxh3 {(00:40} 27. Bg3 {(02:01} Nf7 {(00:22} 28. Qf1 {
(00:58} Qg4 {(00:08} 29. Nf3 {(00:28} Nh6 {(01:
40} 30. c3 {(00:24} Bxh5 {(00:57} 31. Nh2 {(00:22} Qe4
{(00:34} 32. Qe1 {(00:39} Qg6 {(01:51} 33. Qe3 {
(00:33} Qb1 {(05:04} 34. Qd2 {(00:02} Nf5 {(00:
34} 35. Bf4 {(00:40} Nce7 {(02:38} 36. Rb2 {(00:49}
Qe4 {(01:05} 37. Bg5 {(00:28} Nh4 {(03:59} 38. Bxh4 {
(00:35} Qxh4+ {(00:08} 39. Kg1 {(00:16} Qg3+ {(
00:41} 40. Qg2 {(00:00} Qxc3 {(00:00} 41. Rf2 {(01:29}
Bg6 {(03:59} 42. Nf3 {(05:32} Qxa3 {(06:43} 43. Nh4 {
(00:26} Qc1+ {(00:22} 44. Rf1 {(00:48} Qe3+ {(
00:20} 0-1

[Event "42nd Olympiad Baku 2016 Open"]
[Site "Baku"]
[Date "2016.09.02"]
[Round "1.13"]
[White "Salim Mohammed Salim Al Amri"]
[Black "Smerdon, David C"]
[Result "0-1"]
[ECO "B01"]
[WhiteElo "2050"]
[BlackElo "2531"]
[PlyCount "32"]
[EventDate "2016.??.??"]
[EventCountry "AZE"]
[WhiteTeam "OMA"]
[BlackTeam "Australien"]
[BlackTeamCountry "AUS"]
[TimeControl "40/5400+30:1800+30"]
[WhiteClock "0:11:46"]
[BlackClock "0:42:25"]

1. e4 {(00:00} d5 {(00:00} 2. Nc3 {(00:47} d4 {(
01:45} 3. Nce2 {(00:10} e5 {(00:05} 4. Ng3 {(00:12}
Be6 {(00:44} 5. Nf3 {(00:55} Nd7 {(03:24} 6. c3 {
(01:19} c5 {(14:14} 7. Bb5 {(03:05} f6 {(04:48}
8. Nxe5 {(21:50} fxe5 {(00:22} 9. Qh5+ {(00:10} g6 {
(14:08} 10. Qxe5 {(02:30} Kf7 {(09:19} 11. Bxd7 {
(17:40} Qxd7 {(01:40} 12. Qxh8 {(05:40} Bg7 {(
01:26} 13. Qxh7 {(00:16} Nh6 {(00:10} 14. Nh5 {(08:35}
gxh5 {(00:54} 15. e5 {(10:53} Bf5 {(02:05} 16. Qxf5+ {
(12:12} Qxf5 {(00:31} 0-1

[Event "42nd Olympiad Baku 2016 Open"]
[Site "Baku"]
[Date "2016.09.02"]
[Round "1.5"]
[White "Sanches, Casanova Romario"]
[Black "Predojevic, Borki"]
[Result "0-1"]
[ECO "A04"]
[WhiteElo "2082"]
[BlackElo "2642"]
[PlyCount "76"]
[EventDate "2016.??.??"]
[EventCountry "AZE"]
[WhiteTeam "Surinam"]
[BlackTeam "Bosnien  Herzegowina"]
[WhiteTeamCountry "SUR"]
[BlackTeamCountry "BIH"]
[TimeControl "40/5400+30:1800+30"]
[WhiteClock "0:14:33"]
[BlackClock "0:53:42"]

1. Nf3 {(00:00} c5 {(00:06} 2. g3 {(00:00} Nc6 {
(00:55} 3. Bg2 {(00:00} g6 {(00:10} 4. O-O {(00:
02} Bg7 {(00:04} 5. c4 {(02:02} Nh6 {(04:58} 6. Nc3 {
(00:27} Nf5 {(00:06} 7. Rb1 {(02:45} b6 {(06:42]
} 8. a3 {(08:24} Bb7 {(00:10} 9. e3 {(02:11} O-O {
(02:33} 10. Ne2 {(08:01} d5 {(23:31} 11. d3 {(
04:32} dxc4 {(05:24} 12. dxc4 {(00:34} Na5 {(00:10}
13. Qc2 {(02:46} Nd6 {(00:15} 14. Nd2 {(01:38} Bxg2 {
(00:08} 15. Kxg2 {(00:05} Ndxc4 {(00:15} 16. Nxc4 {
(18:09} Qd5+ {(00:09} 17. e4 {(00:08} Qxc4 {(00:
04} 18. Qxc4 {(00:09} Nxc4 {(00:07} 19. b3 {(00:24}
Nd6 {(00:26} 20. f3 {(01:25} Rfd8 {(02:28} 21. Bb2 {
(08:23} Nb5 {(00:41} 22. a4 {(12:52} Rd2 {(02:
32} 23. Bxg7 {(02:15} Rxe2+ {(00:14} 24. Rf2 {(00:24}
Rxf2+ {(00:09} 25. Kxf2 {(00:03} Na3 {(00:06} 26. Ra1 {
(05:32} Nc2 {(00:08} 27. Rc1 {(00:04} Nb4 {(00:
05} 28. Bh6 {(00:04} Nd3+ {(00:04} 29. Ke2 {(00:07}
Nxc1+ {(00:05} 30. Bxc1 {(00:04} Rd8 {(00:05} 31. Be3 {
(00:39} f6 {(00:16} 32. f4 {(01:38} Kf7 {(00:05]
} 33. g4 {(01:09} e5 {(00:22} 34. fxe5 {(01:56} fxe5 {
(00:06} 35. h4 {(00:36} Ke6 {(00:20} 36. g5 {(
02:33} Rd4 {(00:44} 37. Bxd4 {(01:26} exd4 {(00:05}
38. Kd2 {(01:00} Ke5 0-1

[Event "42nd Olympiad Baku 2016 Open"]
[Site "Baku"]
[Date "2016.09.02"]
[Round "1.9"]
[White "Saraci, Nderim"]
[Black "Ding, Liren"]
[Result "0-1"]
[ECO "E91"]
[WhiteElo "2337"]
[BlackElo "2753"]
[PlyCount "114"]
[EventDate "2016.??.??"]
[EventCountry "AZE"]
[WhiteTeam "Kosovo"]
[BlackTeam "China"]
[WhiteTeamCountry "KOS"]
[BlackTeamCountry "CHN"]
[TimeControl "40/5400+30:1800+30"]
[WhiteClock "0:00:37"]
[BlackClock "0:37:29"]

1. d4 {(00:00} Nf6 {(00:00} 2. Nf3 {(00:02} g6 {
(01:06} 3. c4 {(00:22} Bg7 {(00:10} 4. Nc3 {(00:
07} O-O {(00:04} 5. e4 {(00:39} d6 {(00:05} 6. Be2 {
(00:04} Na6 {(00:18} 7. O-O {(01:50} e5 {(00:04]
} 8. d5 {(18:38} Nc5 {(01:54} 9. Nd2 {(02:29} a5 {
(03:26} 10. Qc2 {(04:33} Bh6 {(10:51} 11. Nb3 {(
03:47} Bxc1 {(00:08} 12. Raxc1 {(02:33} Nfd7 {(00:17}
13. Nxc5 {(07:36} Nxc5 {(00:07} 14. Na4 {(10:40} b6 {
(02:03} 15. Nxc5 {(02:43} bxc5 {(00:33} 16. Qc3 {
(03:58} Qg5 {(04:11} 17. Qe3 {(15:53} h6 {(07:
16} 18. Rc3 {(03:44} Bd7 {(02:46} 19. Qxg5 {(03:14}
hxg5 {(00:08} 20. Rb1 {(04:03} Kg7 {(04:25} 21. h3 {
(02:17} f5 {(00:41} 22. Bd3 {(01:08} Rab8 {(07:
46} 23. Ra3 {(01:27} fxe4 {(09:04} 24. Bxe4 {(00:34}
Rb4 {(00:03} 25. Rc3 {(03:46} Bf5 {(02:46} 26. Bc2 {
(00:15} a4 {(04:33} 27. Bxf5 {(01:44} gxf5 {(01:
47} 28. a3 {(00:23} Rb7 {(03:13} 29. b4 {(00:39} cxb4
{(00:03} 30. axb4 {(00:28} Ra8 {(00:04} 31. Ra3 {
(00:30} e4 {(00:08} 32. b5 {(01:16} Kf6 {(00:04]
} 33. Kf1 {(01:41} Ke5 {(01:01} 34. Rd1 {(00:19} f4 {
(03:44} 35. Ke2 {(00:04} Rba7 {(00:13} 36. Rd2 {
(01:10} Rg8 {(04:55} 37. Rda2 {(02:15} g4 {(00:
48} 38. hxg4 {(01:13} Rxg4 {(00:04} 39. Rxa4 {(00:47}
Rxa4 {(01:07} 40. Rxa4 {(00:00} Rxg2 {(00:00} 41. Kf1 {
(01:25} Rg8 {(05:08} 42. Ra7 {(06:11} Rc8 {(01:
04} 43. Ra6 {(04:57} f3 {(00:36} 44. Rc6 {(04:22} Ra8
{(02:27} 45. Ra6 {(04:27} Rh8 {(01:13} 46. Kg1 {
(01:03} Kf4 {(06:47} 47. Ra4 {(01:27} Ke5 {(03:
55} 48. Ra7 {(03:41} Rc8 {(00:07} 49. Ra6 {(02:29} Kd4
{(00:11} 50. Ra4 {(00:34} Kd3 {(01:01} 51. Kf1 {
(00:17} Rh8 {(00:06} 52. Kg1 {(00:06} Rh5 {(05:
40} 53. Rb4 {(05:48} Kc3 {(00:24} 54. Ra4 {(00:08} Kb3
{(00:10} 55. Ra7 {(01:09} Kxc4 {(00:03} 56. Rxc7+ {
(00:10} Kxb5 {(00:04} 57. Re7 {(00:48} Re5 {(00:
09} 0-1

[Event "42nd Olympiad Baku 2016 Open"]
[Site "Baku"]
[Date "2016.09.02"]
[Round "1.25"]
[White "Schenaoui Nabil"]
[Black "Fier, Alexandr"]
[Result "0-1"]
[ECO "A45"]
[WhiteElo "2150"]
[BlackElo "2634"]
[PlyCount "62"]
[EventDate "2016.??.??"]
[EventCountry "AZE"]
[WhiteTeam "Tunesien"]
[BlackTeam "Brasilien"]
[WhiteTeamCountry "TUN"]
[BlackTeamCountry "BRA"]
[TimeControl "40/5400+30:1800+30"]
[WhiteClock "0:22:23"]
[BlackClock "0:58:45"]

1. d4 {(00:00} Nf6 {(00:00} 2. Bf4 {(00:40} c5 {
(00:00} 3. e3 {(01:04} Qb6 {(00:00} 4. Nc3 {(03:
24} d6 {(00:18} 5. Bb5+ {(06:15} Bd7 {(00:52} 6. a4 {
(01:34} a6 {(00:03} 7. a5 {(00:35} Qc7 {(00:10}
8. Bxd7+ {(02:30} Nbxd7 {(00:12} 9. Nf3 {(01:21} e6 {
(01:29} 10. h3 {(02:14} cxd4 {(00:12} 11. exd4 {
(00:28} Rc8 {(00:08} 12. O-O {(00:52} Be7 {(00:
03} 13. Re1 {(01:28} O-O {(00:06} 14. Re2 {(03:35}
Rfe8 {(02:16} 15. Qd3 {(02:21} h6 {(02:02} 16. g4 {
(04:51} Qc4 {(02:19} 17. Qxc4 {(01:43} Rxc4 {(
03:33} 18. Nd1 {(09:10} e5 {(11:03} 19. Be3 {(07:11}
Bf8 {(00:16} 20. c3 {(02:41} Rcc8 {(02:09} 21. Kf1 {
(02:39} g6 {(02:11} 22. Ra3 {(04:03} Nd5 {(01:
21} 23. Rd2 {(04:41} e4 {(00:44} 24. Nh4 {(02:01} Kh7
{(03:22} 25. Re2 {(02:02} Be7 {(01:46} 26. Ng2 {
(00:37} f5 {(00:05} 27. gxf5 {(06:29} gxf5 {(00:
05} 28. Bf4 {(01:45} Bg5 {(09:10} 29. Bxg5 {(02:24}
hxg5 {(00:05} 30. Nde3 {(00:18} Ne7 {(00:35} 31. f4 {
(02:11} exf3 {(00:10} 0-1

[Event "42nd Olympiad Baku 2016 Open"]
[Site "Baku"]
[Date "2016.09.02"]
[Round "1.10"]
[White "Seeman, Tarvo"]
[Black "Farazi, Khaiber"]
[Result "1/2-1/2"]
[ECO "A05"]
[WhiteElo "2407"]
[BlackElo "2097"]
[PlyCount "103"]
[EventDate "2016.??.??"]
[EventCountry "AZE"]
[WhiteTeam "Estland"]
[BlackTeam "Afghanistan"]
[WhiteTeamCountry "EST"]
[BlackTeamCountry "AFG"]
[TimeControl "40/5400+30:1800+30"]
[WhiteClock "0:04:01"]
[BlackClock "0:13:19"]

1. Nf3 {(00:00} Nf6 {(00:00} 2. g3 {(00:00} g6 {
(00:00} 3. b3 {(00:56} Bg7 {(06:16} 4. Bb2 {(00:
09} O-O {(00:30} 5. Bg2 {(00:07} d5 {(01:16} 6. c4 {
(01:03} c6 {(02:20} 7. O-O {(00:14} Qb6 {(03:10]
} 8. Qc2 {(02:29} Na6 {(02:29} 9. d3 {(00:57} Nb4 {
(09:31} 10. Qc1 {(00:28} Bg4 {(06:18} 11. Nbd2 {
(02:29} Rfe8 {(05:39} 12. a3 {(02:14} Na6 {(00:
44} 13. Qc2 {(07:51} Nd7 {(05:20} 14. Bxg7 {(01:33}
Kxg7 {(00:38} 15. b4 {(02:10} e5 {(06:29} 16. Rab1 {
(04:52} Rac8 {(02:06} 17. e4 {(02:28} f6 {(06:
03} 18. Rfe1 {(01:52} dxc4 {(05:29} 19. Nxc4 {(03:06}
Qc7 {(02:09} 20. Ne3 {(05:15} Bxf3 {(01:39} 21. Bxf3 {
(00:06} Nf8 {(01:35} 22. Bg4 {(00:29} Rcd8 {(00:
19} 23. Rec1 {(09:32} h5 {(06:54} 24. b5 {(05:34} Nb8
{(02:46} 25. Bh3 {(00:09} Ne6 {(04:16} 26. Bxe6 {
(02:18} Rxe6 {(00:38} 27. Qb3 {(01:07} Red6 {(
00:58} 28. bxc6 {(01:15} bxc6 {(00:24} 29. Qb7 {(01:59]
} R6d7 {(05:59} 30. Qxc7 {(01:07} Rxc7 {(00:07} 31. Kf1
{(02:20} Rcd7 {(00:45} 32. Rc3 {(00:36} c5 {(05:
06} 33. Rxc5 {(03:52} Rxd3 {(02:15} 34. Nd5 {(03:21}
h4 {(04:35} 35. gxh4 {(08:42} Kh6 {(01:27} 36. Rb7 {
(03:35} Kh5 {(00:56} 37. Ke2 {(08:12} Rxa3 {(00:
30} 38. Nxf6+ {(03:18} Kxh4 {(00:14} 39. Rxe5 {(01:01}
Rh8 {(00:36} 40. Rc5 {(00:00} a5 {(00:00} 41. Ra7 {
(10:57} a4 {(02:33} 42. Nd5 {(10:35} Ra2+ {(01:
35} 43. Ke3 {(06:18} Ra3+ {(08:42} 44. Ke2 {(02:03}
Ra2+ {(00:19} 45. Kf3 {(02:44} Rf8+ {(01:37} 46. Ke3 {
(00:15} Raxf2 {(02:00} 47. Rh7+ {(07:43} Kg4 {(
01:38} 48. e5 {(00:55} R8f3+ {(01:38} 49. Ke4 {(01:10}
Re2+ {(00:51} 50. Kd4 {(00:20} Rd2+ {(01:54} 51. Ke4 {
(00:10} Re2+ {(00:58} 52. Kd4 {(00:03} 1/2-1/2